 Dungeon Sprint DCSS version 0.21.0-24-g2553a33 (webtiles) character file.

9192 letownia2 the Brawler (level 11, -15/159 (160) HPs)
             Began as a Troll Wizard on Jan 20, 2018.
             Was an Initiate of Gozag.
             Killed from afar by a crystal guardian (31 damage)
             ... with a crystal bolt
             ... in the Dungeon (Sprint II: "The Violet Keep of Menkaure").
             The game lasted 00:13:42 (1213 turns).

letownia2 the Brawler (Troll Wizard)                Turns: 1213, Time: 00:13:43

HP:   -15/159 (160) AC:  5    Str: 22    XL:     11   Next: 19%
MP:   16/16         EV:  4    Int: 20    God:    Gozag
Gold: 698           SH: 30    Dex:  8    Spells: 3/18 levels left

rFire    . . .     SeeInvis +     - Unarmed
rCold    . . .     Gourm    +   l - +18 shield of the Gong {rElec rN+ MR+ EV-5}
rNeg     + . .     Faith    .   a - +0 robe
rPois    .         Spirit   .   b - +0 hat
rElec    +         Reflect  .   (no cloak)
rCorr    .         Harm     .   (gloves unavailable)
MR       +....     NoTele   +   (boots unavailable)
Stlth    ..........             (no amulet)
HPRegen  0.76/turn              m - ring "Ivuikk" {Wiz -Tele Int+3 SInv}
MPRegen  0.15/turn              (no ring)

@: berserking, very quick
A: large, unfitting armour, claws 3, fast metabolism 3, gourmand, regeneration
1, shaggy fur 1, tough skin 2
a: Potion Petition, Call Merchant, Bribe Branch, Renounce Religion


You were in the Dungeon.
You worshipped Gozag.
Gozag was pleased with you.
You were not hungry.

You visited 1 branch You collected 4396 gold pieces.
You spent 3071 gold pieces at shops.
You paid 627 gold pieces to Gozag.

Inventory:

Missiles
 s - 4 poisoned javelins (quivered)
Armour
 a - a +0 robe (worn)
 b - a +0 hat (worn)
 l - the +18 shield of the Gong (worn) {rElec rN+ MR+ EV-5}
   (You acquired it in the Dungeon)

   It affects your evasion (-5).
   It insulates you from electricity.
   It protects you from negative energy.
   It affects your resistance to hostile enchantments.
Jewellery
 m - the ring "Ivuikk" (left claw) {Wiz -Tele Int+3 SInv}
   (You bought it in a shop in the Dungeon)

   [ring of wizardry]

   It improves your spell success rate.
   It affects your intelligence (+3).
   It lets you see invisible.
   It prevents most forms of teleportation.
Scrolls
 d - 3 scrolls of enchant weapon {unknown}
 j - a scroll of blinking
 n - a scroll of identify
 q - 2 scrolls of amnesia {unknown}
 t - a scroll of remove curse {unknown}
 u - 2 scrolls of immolation {unknown}
 x - a scroll of fog {unknown}
Potions
 e - 2 potions of curing
 f - 2 potions of heal wounds
 g - 2 potions of haste
 h - 5 potions of magic
 i - a potion of berserk rage
 k - 3 potions of flight
 r - 2 potions of lignification
 v - 4 potions of resistance
 w - 2 potions of agility
Books
 c - a book of Minor Magic

   Spells                             Type                      Level
   a - Magic Dart                     Conjuration                  1
   b - Blink                          Translocation                2
   c - Call Imp                       Summoning                    2
   d - Slow                           Hexes                        2
   e - Conjure Flame                  Conjuration/Fire             3
   f - Mephitic Cloud                 Conjuration/Poison/Air       3
 o - a book of Transfigurations

   Spells                             Type                      Level
   a - Irradiate                      Conjuration/Transmutation    5
   b - Statue Form                    Transmutation/Earth          6
   c - Hydra Form                     Transmutation                6
   d - Dragon Form                    Transmutation                7
Comestibles
 p - 9 rations


   Skills:
 + Level 6.8 Fighting
 - Level 1.5 Dodging
 - Level 1.0 Stealth
 - Level 13.0 Shields
 - Level 17.9 Unarmed Combat
 - Level 4.0 Spellcasting
 - Level 4.1 Conjurations
   Level 0.6 Summonings
 - Level 4.1 Translocations
 + Level 0.0 Transmutations
 - Level 3.1 Fire Magic
 - Level 3.5 Air Magic
 + Level 0.0 Earth Magic
 - Level 4.1 Poison Magic


You had 3 spell levels left.
You knew the following spells:

 Your Spells              Type           Power        Failure   Level  Hunger
a - Magic Dart            Conj           ###.         1%          1    None
b - Blink                 Tloc           N/A          1%          2    #......
c - Conjure Flame         Conj/Fire      ###.....     3%          3    ###....
e - Mephitic Cloud        Conj/Pois/Air  ###.....     3%          3    ###....
u - Statue Form           Tmut/Erth      #........    99%         6    #######


Dungeon Overview and Level Annotations

Branches:
Dungeon (1/1)

Altars:
Cheibriados
Dithmenos
Elyvilon
Fedhas
Gozag
Hepliaklqana
Kikubaaqudgha
Makhleb
Nemelex Xobeh
Okawaru
Qazlal
Ru
Sif Muna
Trog
Uskayaw
Vehumet
Wu Jian
Xom
Yredelemnul
Zin
The Shining One
Beogh
Jiyva
Lugonu

Shops:
D }:%!!!}=:=?(%([[*

Annotations:
D exclusion: oklob plant, Roxanne


Innate Abilities, Weirdness & Mutations

You are too large for most types of armour.
You have claws for hands.
Your metabolism is lightning-fast.
You like to eat raw meat.
Your natural rate of healing is unusually fast.
You are covered in fur. (AC +1)
You have very tough skin. (AC +2)


Message History

GONNNNG!
You hear a roar!
You hear a croak.
You hear a shout!
You scratch the crystal guardian.
The crystal guardian is lightly damaged.
The crystal guardian fires a crystalline bolt at you.
The crystal bolt freezes you!
* * * LOW HITPOINT WARNING * * *
You scratch the crystal guardian.
The crystal guardian is moderately damaged.
You mangle the crystal guardian!!
The crystal guardian is severely damaged.
The crystal guardian hits you!
* * * LOW HITPOINT WARNING * * *
You scratch the crystal guardian but do no damage.
The crystal guardian is severely damaged.
You scratch the crystal guardian.
The crystal guardian is severely damaged.
The crystal guardian fires a crystalline bolt at you.
The crystal bolt freezes you!
You die...
Your body crumbles into a pile of gold.

≈≈≈. #...▓§≈§§§≈≈≈▓▓ #'§+##
#)}▓▓▓▓▓▓▓▓▓▓▓ .≈≈≈.#
#})▓....(...▓▓ $ '##..# $ #.
.#)§▓..(...).▓▓ ..##.####$
+.##.#[|▓..(....[▓▓ #.≈#....#
..8####▓.[......▓▓ $ ..####..##
#..##.#▓.(.....[▓▓$ '###(##[.#
$+..#..#▓)().[)..▓▓ .##..)#..#
#..#@.#▓.[.(..[[▓▓
<.'.##'..####..##8#▓)..[[...▓▓
.####)#§§..###.8.##▓▓▓▓▓▓▓'▓▓▓▓+▓
'# #.##......≈≈≈≈≈≈≈≈§§≈≈§...≈≈≈▓
.#####≈§§....≈#'########'###.≈≈≈▓
#..#≈≈≈≈≈§≈..≈#._._._..#§≈≈##≈≈≈▓
#.##≈≈≈§≈≈≈≈.≈#.._._._.#§≈≈≈####▓
'##≈≈≈≈≈§≈§≈≈≈#._._._._#≈≈§≈§# $$
≈≈≈≈§≈≈≈≈≈§§≈≈#_._._._.#≈≈≈§≈§#$


You could see a crystal guardian.

Vanquished Creatures
  A kraken (D)
  Kirke (D)
  A yaktaur captain (D)
  A great orb of eyes (D)
  A centaur warrior (D)
  A skeletal warrior (D)
  A death drake (D)
  An elephant (D)
  A merfolk siren (D)
  A kobold demonologist (D)
  A yaktaur (D)
  A hornet (D)
  3 polar bears (D)
  2 tyrant leeches (D)
  Menkaure (D)
  A swamp drake (D)
  4 crocodiles (D)
  A scorpion (D)
  4 worker ants (D)
  3 worms (D)
  4 tentacles (D)
35 creatures vanquished.

Vanquished Creatures (others)
  4 tentacles (D)
4 creatures vanquished.

Grand Total: 39 creatures vanquished

Notes
Turn   | Place    | Note
-------+----------+-------------------------------------------
     0 | D        | letownia2 the Troll Wizard began the quest for the Orb.
     0 | D        | Reached XP level 1. HP: 16/16 MP: 2/2
     1 | D        | Noticed a tyrant leech
     1 | D        | Noticed a tyrant leech
     4 | D        | Noticed a merfolk siren
    50 | D        | Killed a merfolk siren
    50 | D        | Reached skill level 10 in Unarmed Combat
    50 | D        | Reached XP level 2. HP: 5/37 MP: 4/4
    50 | D        | Reached XP level 3. HP: 6/45 MP: 5/5
    50 | D        | Reached XP level 4. HP: 8/53 MP: 6/6
    50 | D        | Reached XP level 5. HP: 9/61 MP: 7/7
    50 | D        | Reached XP level 6. HP: 10/68 MP: 8/8
    92 | D        | Learned a level 2 spell: Blink
    96 | D        | Learned a level 3 spell: Mephitic Cloud
   167 | D        | Noticed Roxanne
   170 | D        | Reached skill level 1 in Conjurations
   170 | D        | Reached skill level 1 in Translocations
   170 | D        | Reached skill level 1 in Air Magic
   170 | D        | Reached skill level 1 in Poison Magic
   171 | D        | Noticed Menkaure
   174 | D        | Killed Menkaure
   174 | D        | Reached XP level 7. HP: 62/76 MP: 8/10
   180 | D        | Learned a level 3 spell: Conjure Flame
   181 | D        | Found Eroutt's Antique Armour Boutique.
   181 | D        | Found Ofrejef's Antique Armour Shop.
   182 | D        | Found Muevive Ilixt's Weapon Shop.
   182 | D        | Found Qoxaxun's Food Boutique.
   182 | D        | Found Rofogodd's Antique Weapon Shop.
   183 | D        | Found Ucvetooxt's Book Shop.
   183 | D        | Found Okabled's Jewellery Boutique.
   183 | D        | Found Hossecs's Jewellery Boutique.
   183 | D        | Found Myrie's Magic Scroll Shop.
   184 | D        | Found Sizixig's Gadget Boutique.
   184 | D        | Found Zatwoq's Distillery.
   184 | D        | Found Ebluixub's Distillery.
   184 | D        | Noticed a redback
   187 | D        | Found Jolul's Distillery.
   187 | D        | Found Niyfrouz's Food Shop.
   187 | D        | Noticed a redback
   187 | D        | Noticed an oklob plant
   188 | D        | Found Zauklomn's Book Shoppe.
   188 | D        | Found Intab's Gadget Boutique.
   193 | D        | Noticed a hell hog
   194 | D        | Noticed a hell hog
   203 | D        | Bought a potion of lignification for 33 gold pieces
   207 | D        | Bought a potion of berserk rage for 55 gold pieces
   234 | D        | Found a glowing silver altar of Zin.
   234 | D        | Found a radiant altar of Vehumet.
   235 | D        | Found a glowing golden altar of the Shining One.
   235 | D        | Found a basalt altar of Yredelemnul.
   235 | D        | Found a hide-covered altar of Uskayaw.
   236 | D        | Found a shimmering altar of Xom.
   236 | D        | Found a bloodstained altar of Trog.
   236 | D        | Found a burning altar of Makhleb.
   236 | D        | Found a sparkling altar of Nemelex Xobeh.
   237 | D        | Found an ornate altar of the Wu Jian Council.
   237 | D        | Found a deep blue altar of Sif Muna.
   237 | D        | Found a corrupted altar of Lugonu.
   237 | D        | Found a blossoming altar of Fedhas.
   238 | D        | Found a sacrificial altar of Ru.
   238 | D        | Found an ancient bone altar of Kikubaaqudgha.
   238 | D        | Found a white marble altar of Elyvilon.
   239 | D        | Found a stormy altar of Qazlal.
   239 | D        | Found a viscous altar of Jiyva.
   239 | D        | Found a shadowy altar of Dithmenos.
   240 | D        | Found a hazy altar of Hepliaklqana.
   240 | D        | Found a snail-covered altar of Cheibriados.
   242 | D        | Found a roughly hewn altar of Beogh.
   243 | D        | Found an opulent altar of Gozag.
   243 | D        | Found an iron altar of Okawaru.
   251 | D        | Became a worshipper of Gozag Ym Sagoz the Greedy
   302 | D        | Reached skill level 1 in Fire Magic
   313 | D        | Noticed an obsidian statue
   340 | D        | Bought a scroll of acquirement for 520 gold pieces
   342 | D        | Found the +18 shield of the Gong {rElec rN+ MR+ EV-5}
   345 | D        | Bought the ring "Ivuikk" {Wiz -Tele Int+3 SInv} for 419 gold pieces
   362 | D        | Noticed a centaur warrior
   362 | D        | Noticed Kirke
   362 | D        | Noticed a yaktaur captain
   363 | D        | Noticed a kobold demonologist
   391 | D        | Killed a yaktaur captain
   391 | D        | Reached XP level 8. HP: 36/84 MP: 4/13
   396 | D        | Noticed a sphinx
   397 | D        | Killed Kirke
   397 | D        | Reached skill level 10 in Shields
   397 | D        | Reached XP level 9. HP: 40/91 MP: 5/14
   439 | D        | Killed a centaur warrior
   503 | D        | Noticed a great orb of eyes
   529 | D        | Killed a great orb of eyes
   529 | D        | Reached XP level 10. HP: 73/100 MP: 15/15
   537 | D        | Noticed a rust devil
   541 | D        | Noticed a rust devil
   555 | D        | Noticed a skeletal warrior
   580 | D        | Killed a skeletal warrior
   580 | D        | Reached skill level 11 in Unarmed Combat
   581 | D        | Noticed an elephant
   595 | D        | Killed an elephant
   595 | D        | Reached skill level 12 in Unarmed Combat
   631 | D        | Reached skill level 13 in Unarmed Combat
   668 | D        | Bought a manual of Unarmed Combat for 1324 gold pieces
   725 | D        | Reached skill level 14 in Unarmed Combat
   781 | D        | Noticed a death drake
   799 | D        | Killed a death drake
   799 | D        | Reached skill level 16 in Unarmed Combat
   901 | D        | Noticed a kraken
  1048 | D        | Killed a kraken
  1048 | D        | Reached skill level 17 in Unarmed Combat
  1048 | D        | Reached XP level 11. HP: 60/105 MP: 4/16
  1155 | D        | Bought a book of Transfigurations for 660 gold pieces
  1162 | D        | Learned a level 6 spell: Statue Form
  1167 | D        | Bought a potion of agility for 60 gold pieces
  1197 | D        | Noticed a crystal guardian
  1213 | D        | Killed from afar by a crystal guardian

Skill      XL: |  1  2  3  4  5  6  7  8  9 10 |
---------------+-------------------------------+-----
Fighting       | 6 |  6.8
Unarmed Combat | 10 17 | 17.9
Conjurations   | 2 4 |  4.1
Translocations | 2 4 |  4.1
Air Magic      | 1 3 |  3.5
Poison Magic   | 2 4 |  4.1
Spellcasting   | 4 |  4.0
Fire Magic     | 3 |  3.1
Shields        | 2 10 12 13 | 13.0
Dodging        | |  1.5
Stealth        | |  1.0
Summonings     | |  0.6

Action                   |  1- 3 |  4- 6 |  7- 9 | 10-12 || total
-------------------------+-------+-------+-------+-------++-------
Melee: Unarmed           |    44 |    10 |    63 |   154 ||   271
       Punch             |       |       |     4 |       ||     4
 Cast: Conjure Flame     |       |       |     2 |    10 ||    12
       Mephitic Cloud    |       |       |     1 |     2 ||     3
Invok: Potion Petition   |       |       |     1 |       ||     1
       Call Merchant     |       |       |       |     1 ||     1
  Use: Scroll            |       |       |     1 |     3 ||     4
       Potion            |       |       |       |     2 ||     2
 Stab: Sleeping          |       |       |     1 |       ||     1
  Eat: Chunk             |       |     4 |       |       ||     4
       Ration            |       |       |       |     2 ||     2
Armor: Robe              |     1 |     1 |     5 |     4 ||    11
       Skin              |       |       |       |     8 ||     8
Dodge: Dodged            |     3 |       |    10 |     5 ||    18
Block: Shield            |       |       |    14 |   120 ||   134
